Map: Ruins of Seras

Players

Leargle

  • Race: Zerg Zerg
  • League: Gold

Javert - Winner!

  • Race: Zerg Zerg
  • League: Gold

VOD

Have the link to the VOD?

Description

Time

  • Played on: Sept. 5, 2015, 10:33 p.m.
  • Length: 14:31
Show
View Real Time Build Order
Export as new Build Order

Leargle Zerg 

Build Orders: Hatch First 

Get SALT Encoding   

  12  0:01  Drone  
  13  0:12  Overlord  
  13  0:17  Drone  
  14  0:24  Drone, Extractor  
  15  0:31  Drone  
  15  0:35  Drone  
  17  0:54  Hatchery  
  16  0:58  Drone  
  16  1:02  Extractor  
  16  1:03  Drone  
  17  1:18  Spawning Pool  
  16  1:21  Drone  
  17  1:26  Drone  
  17  1:32  Drone  
  19  1:45  Drone  
  20  1:50  Overlord  
  20  2:06  Metabolic Boost  
  20  2:07  Queen  
  22  2:12  Queen  
  25  2:15  Drone  
  25  2:25  Roach Warren  
  25  2:27  Drone  
  25  2:42  Drone x3  
  28  2:48  Queen  
  28  2:50  Zergling x2  
  31  2:57  Overlord  
  31  3:03  Drone  
  32  3:21  Drone x8  
  40  3:28  Roach  
  40  3:29  Roach  
  44  3:34  Overlord  
  44  3:41  Extractor  
  42  3:53  Spine Crawler  
  42  3:54  Lair  
  42  3:55  Drone x4  
  44  3:56  Drone  
  44  3:58  Extractor  
  44  4:01  Extractor  
  44  4:05  Zergling x4  
  46  4:21  Drone x4  
  50  4:33  Zergling x4  
  50  4:34  Overlord x2  
  50  4:55  Spire  
  49  5:19  Drone x2  
  49  5:20  Drone x5  
  56  5:30  Hatchery  
  56  5:33  Zergling x10  
  60  5:38  Drone x2  
  60  5:39  Evolution Chamber  
  61  5:44  Overseer  
  61  5:57  Overlord x2  
  60  6:14  Mutalisk  
  60  6:15  Mutalisk x8  
  77  6:20  Zerg Missile Weapons Level 1  
  77  6:22  Glial Reconstitution  
  77  6:23  Drone, Hydralisk Den  
  77  6:24  Drone x2  
  79  6:26  Drone  
  79  6:27  Drone x2  
  74  7:01  Mutalisk x3  
  74  7:02  Mutalisk x2  
  74  7:07  Zergling x2  
  83  7:09  Overlord x2  
  83  7:10  Overlord  
  81  7:21  Muscular Augments  
  81  7:28  Drone x5  
  81  7:29  Drone x4  
  90  7:42  Hatchery  
  89  7:51  Hatchery, Drone x6  
  91  7:52  Extractor  
  91  7:53  Extractor  
  92  8:16  Hydralisk x3  
  92  8:18  Overlord x2  
  94  8:42  Hydralisk  
  94  8:43  Hydralisk x9  
  94  8:46  Overlord  
  110  9:12  Overseer  
  112  9:17  Roach x5  
  112  9:18  Roach x7  
  114  9:46  Hydralisk x10  
  113  10:04  Roach x4  
  113  10:05  Drone x3, Roach  
  122  10:13  Roach x3  
  122  10:15  Drone  
  122  10:16  Drone  
  122  10:18  Drone  
  125  10:39  Roach x5  
  125  10:41  Drone  
  132  11:03  Roach  
  132  11:04  Roach x2  
  136  11:05  Zerg Missile Weapons Level 2  
  136  11:07  Overlord x2  
  136  11:08  Overlord x3  
  136  11:09  Evolution Chamber  
  135  11:15  Infestation Pit  
  96  11:43  Lurker Den  
  96  11:45  Roach  
  96  11:46  Roach x18  
  132  11:53  Burrow  
  132  11:54  Tunneling Claws  
  132  11:57  Zerg Ground Armor Level 1  
  126  12:23  Overseer x2  
  126  12:28  Infestor x6  
  126  12:29  Infestor x2  
  116  12:45  Roach x3  
  116  12:46  Roach x6  
  108  13:00  Roach  
  108  13:01  Roach x5  
  110  13:24  Drone x2  
  110  13:25  Drone x2  
Show
View Real Time Build Order
Export as new Build Order

Javert Zerg - Winner!

Build Orders: Pool First, Lurkers 

Get SALT Encoding   

  12  0:01  Drone  
  13  0:14  Overlord  
  13  0:18  Drone  
  14  0:33  Drone x2  
  16  0:37  Drone  
  17  0:47  Spawning Pool  
  17  0:49  Drone  
  17  0:57  Drone  
  18  1:16  Drone  
  19  1:19  Extractor  
  19  1:20  Hatchery  
  17  1:36  Roach Warren  
  17  1:37  Queen  
  18  1:41  Drone  
  18  1:46  Drone  
  20  1:52  Overlord  
  20  2:17  Roach  
  20  2:18  Roach x2  
  20  2:22  Queen  
  28  2:36  Drone x2  
  30  2:43  Drone x2  
  32  2:53  Overlord  
  32  2:59  Baneling Nest  
  31  3:08  Drone x3  
  31  3:09  Drone x2  
  36  3:22  Overlord  
  36  3:24  Drone x2  
  36  3:25  Drone x2  
  40  3:39  Drone x3  
  40  3:40  Drone  
  44  3:51  Overlord  
  44  3:59  Drone x3  
  47  4:07  Overlord, Extractor  
  47  4:08  Lair  
  46  4:10  Extractor  
  45  4:24  Evolution Chamber  
  45  4:29  Hatchery  
  43  4:35  Roach x8  
  59  4:56  Zerg Missile Weapons Level 1  
  59  5:00  Overlord  
  59  5:01  Overlord x2  
  59  5:04  Queen  
  59  5:05  Drone  
  59  5:06  Drone x3  
  65  5:09  Glial Reconstitution  
  65  5:23  Drone x4  
  65  5:24  Drone x3  
  72  5:32  Overlord  
  72  5:37  Overseer  
  72  5:40  Roach x3  
  78  5:50  Overlord x2  
  78  5:53  Roach x2  
  78  5:54  Roach  
  84  6:13  Roach x8  
  100  6:20  Overlord  
  100  6:24  Hydralisk Den  
  99  6:28  Spore Crawler  
  98  6:33  Spore Crawler, Drone x3  
  98  6:38  Spore Crawler  
  99  6:40  Overlord  
  97  6:50  Spore Crawler  
  90  6:56  Drone  
  90  6:57  Drone x11  
  96  7:02  Spore Crawler  
  96  7:07  Spore Crawler  
  96  7:08  Spore Crawler x2  
  83  7:13  Overlord  
  70  7:25  Zerg Missile Weapons Level 2  
  70  7:29  Spore Crawler, Muscular Augments  
  55  7:32  Hydralisk  
  55  7:33  Hydralisk x3  
  63  7:42  Hydralisk x2  
  67  7:48  Roach  
  67  7:49  Spine Crawler, Roach  
  70  7:54  Extractor  
  70  7:56  Spore Crawler  
  68  8:02  Extractor  
  67  8:06  Queen  
  69  8:13  Overlord x2  
  69  8:15  Hydralisk  
  69  8:16  Hydralisk x2  
  75  8:27  Spore Crawler  
  74  8:38  Hydralisk x4  
  80  8:42  Queen  
  80  8:46  Overlord x2  
  82  8:51  Overlord  
  82  8:52  Drone x7  
  82  8:53  Drone  
  90  9:02  Zergling x2  
  90  9:03  Zergling x8  
  94  9:12  Overseer x2  
  94  9:15  Overlord  
  96  9:17  Roach  
  98  9:31  Roach  
  98  9:32  Zergling x16  
  98  9:33  Zergling x2  
  98  9:48  Roach  
  98  9:49  Roach x6  
  95  10:00  Lurker Den  
  95  10:06  Metabolic Boost  
  86  10:19  Spore Crawler, Roach x8  
  86  10:20  Spore Crawler, Roach  
  102  10:26  Spore Crawler  
  102  10:27  Overseer  
  101  10:29  Queen  
  101  10:33  Extractor  
  100  11:04  Evolution Chamber, Zerg Ground Armor Level 1  
  100  11:06  Drone x3  
  104  11:11  Roach  
  104  11:12  Roach x11  
  104  11:15  Overseer  
  126  11:21  Overlord  
  103  11:41  Roach  
  103  11:42  Roach x8  
  119  11:49  Lurker x2  
  119  11:50  Lurker x3  
  119  11:51  Lurker  
  125  11:55  Overlord  
  125  12:03  Overlord  
  125  12:04  Drone x2  
  110  12:52  Hydralisk  
  110  12:53  Hydralisk x14  
  110  12:54  Hydralisk  
  115  13:23  Roach  
  115  13:24  Roach x10  
  117  13:52  Roach x3  
  117  13:53  Roach x7  
  117  14:05  Overlord  
  117  14:10  Extractor  
  117  14:12  Hatchery  
  117  14:16  Extractor  
Tags
 
Composition
Lurkers
League
GoldGold
Matchup
ZvZ
Race
Zerg
Add a new tag
Caveats
  • Supply blocks, unpowered buildings, or Contaminate may cause inaccurate times.
  • Supply counts are checked every 10 seconds.